 Dungeon Crawl Stone Soup version 0.22-a0-410-g97be04f (webtiles) character file.

30 4thArraOfDagon the Magician (level 3, 0/24 HPs)
             Began as a Mummy Fire Elementalist on May 11, 2018.
             Killed from afar by Totori's ghost (19 damage)
             ... with a puff of flame
             ... on level 3 of the Dungeon.
             The game lasted 00:01:58 (456 turns).

4thArraOfDagon the Magician (MuFE)                   Turns: 456, Time: 00:01:59

Health: 0/24       AC:  2    Str: 11    XL:     3   Next: 5%
Magic:  4/7        EV: 12    Int: 15    God:
Gold:   23         SH:  0    Dex: 12    Spells: 4/8 levels left

rFire    x . .     SeeInvis .   d - +0 short sword
rCold    + . .     Gourm    .   (no shield)
rNeg     + + +     Faith    .   a - +0 robe
rPois    ∞         Spirit   .   (no helmet)
rElec    .         Reflect  .   (no cloak)
rCorr    .         Harm     .   (no gloves)
MR       .....                  (no boots)
Stlth    ++........             (no amulet)
HPRegen  0.08/turn              (no ring)
MPRegen  0.10/turn              (no ring)

@: no status effects
A: no food or potions, fire vulnerability, cold resistance 1, negative energy
resistance 3, torment resistance, unbreathing
a: no special abilities


You were on level 3 of the Dungeon.
You were not hungry.

You visited 1 branch of the dungeon, and saw 3 of its levels.

You collected 23 gold pieces.

Inventory:

Hand Weapons
 d - a +0 short sword (weapon)
Armour
 a - a +0 robe (worn)
Scrolls
 b - 2 scrolls of remove curse {unknown}
 c - a scroll of amnesia {unknown}


   Skills:
 - Level 1.5 Dodging
 - Level 1.5 Stealth
 + Level 3.1 Spellcasting
 * Level 1.6 Conjurations
 * Level 2.9 Fire Magic


You had 4 spell levels left.
You knew the following spells:

 Your Spells              Type           Power        Failure   Level  Hunger
a - Flame Tongue          Conj/Fire      #....        8%          1    N/A
b - Conjure Flame         Conj/Fire      #.......     24%         3    N/A

Dungeon Overview and Level Annotations

Branches:
Dungeon (3/15)

Altars:

Annotations:
D:3 Totori's ghost, amateur DrFE


Innate Abilities, Weirdness & Mutations

You do not eat or drink.
Your flesh is vulnerable to fire.
You are immune to poison.
Your flesh is cold resistant. (rC+)
You are immune to negative energy. (rN+++)
You are immune to unholy pain and torment.
You can survive without breathing.


Message History

Confirm with . or Enter, or press ? or * to list all spells.
Aiming: Flame Tongue (safe; 8% risk of failure)
Press: ? - help, Shift-Dir - straight line, f/p - rat
Aim: a rat The flame tongue hits the rat.
You kill the rat!
There is an escape hatch in the floor here.
You slide downwards.
The hatch slams shut behind you.
An adder, a rat and a player ghost come into view.
Found a leather armour, a ration and a murky amethyst potion.
Found a stone staircase leading down.
Unknown command.
The adder hisses angrily.
Totori's ghost turns its malevolent gaze towards you.
Unknown command.
Unknown command.
Totori's ghost points at you and mumbles some strange words.
The puff of flame hits you! The fire burns you terribly!
Ouch! That really hurt!
You die...

.###..#.......
......#......
............
...........
.......#..####
...[.>r......#
........S....#
#.@.....#
##......#
#......#
...W....#
#.........#
#!%....####
#......#
#......#


You could see Totori's ghost, an adder and a rat.

Vanquished Creatures
  2 adders (D:2)
  4 hobgoblins
  2 kobolds (D:1)
  2 bats (D:1)
  3 rats
13 creatures vanquished.

Notes
Turn   | Place    | Note
-------+----------+-------------------------------------------
     0 | D:1      | 4thArraOfDagon the Mummy Fire Elementalist began the quest for the Orb.
     0 | D:1      | Reached XP level 1. HP: 13/13 MP: 4/4
    51 | D:1      | Reached skill level 1 in Conjurations
   172 | D:1      | Reached XP level 2. HP: 10/19 MP: 0/5
   310 | D:2      | Reached skill level 3 in Spellcasting
   412 | D:2      | Reached XP level 3. HP: 15/24 MP: 2/7
   417 | D:2      | Learned a level 3 spell: Conjure Flame
   453 | D:3      | Noticed Totori's ghost (amateur DrFE)
   456 | D:3      | Killed from afar by Totori's ghost

Vault maps used:
D:1:      mushboom_english_gardens, minmay_misc_feat_chi
D:2:      fedhas_altar_1, serial_glass, glass_columns_c, glass_columns_a,
          glass_columns_b, glass_columns_a, glass_columns_a, glass_columns_a,
          glass_columns_c, glass_columns_a, glass_columns_b, glass_columns_b,
          glass_columns_c, glass_columns_c, glass_columns_b, glass_columns_a
D:3:      first_ration

Skill      XL: |  1  2 |
---------------+-------+-----
Conjurations   | 1 |  1.6
Spellcasting   | 3 |  3.1
Dodging        | |  1.5
Stealth        | |  1.5
Fire Magic     | |  2.9

Action                   || total
-------------------------++-------
Melee: Unarmed           ||     8
       Short sword       ||     3
 Cast: Flame Tongue      ||    30
Dodge: Dodged            ||    18

Table legend:
 A = Spawn XP
 B = Non-spawn XP
 C = Spawn XP percentage of total XP
 D = Spawn monster count
 E = Non-spawn monster count
 F = Spawn count percentage of total count
 G = Total turns spent on level
                    A         B        C        D         E        F      G
               +---------+---------+-------+---------+---------+-------+---------
         Total |       0 |      44 |   0.0 |       0 |      13 |   0.0 |   456
               +---------+---------+-------+---------+---------+-------+---------
           D:1 |       0 |      12 |   0.0 |       0 |       8 |   0.0 |   223
           D:2 |       0 |      32 |   0.0 |       0 |       5 |   0.0 |   230
               +---------+---------+-------+---------+---------+-------+---------
